 Dungeon Crawl Stone Soup version 0.16-a0-296-gbdb9f68 (webtiles) character file.

43 Ololoev the Changer (level 3, 0/23 HPs)
             Began as an Octopode Transmuter on Aug 29, 2014.
             Killed from afar by Sigmund (10 damage)
             ... with a puff of flame
             ... on Level 2 of the Dungeon.
             The game lasted 00:02:49 (1320 turns).

Ololoev the Changer (Octopode Transmuter)           Turns: 1320, Time: 00:02:49

HP   0/23        AC  1     Str  9      XL: 3   Next: 58%
MP   0/6         EV 12     Int 16      God:
Gold 66          SH  0     Dex 12      Spells:  3 memorised,  0 levels left

rFire  . . .     SeeInvis .     b - 9 arrows
rCold  . . .     Clarity  .     (no shield)
rNeg   . . .     rCorr    .     (helmet restricted)
rPois  +         rRot     .     (no amulet)
rElec  .         Spirit   .     e - ring of poison resistance
SustAb .         Warding  .     (no ring)
rMut   .         Stasis   .     (no ring)
Gourm  .                        (no ring)
MR     .....                    (no ring)
                                (no ring)
                                (no ring)
                                (no ring)

@: not resistant to hostile enchantments, unstealthy
A: almost no armour, amphibious, 8 rings, constrict 8, camouflage 1, gelatinous
body 1
a: no special abilities


You were on level 2 of the Dungeon.
You were hungry.

You visited 1 branch of the dungeon, and saw 2 of its levels.

You collected 66 gold pieces.

Inventory:

Missiles
 b - 9 arrows (in tentacle)
Comestibles
 a - a bread ration
 l - 3 fruits
Scrolls
 c - a scroll of remove curse {unknown}
 g - a scroll of random uselessness {unknown}
 h - a scroll of recharging {unknown}
 i - 4 scrolls of identify {unknown}
 k - a scroll of enchant weapon {unknown}
 o - a scroll of amnesia {unknown}
Jewellery
 e - a ring of poison resistance (left tentacle)
Potions
 f - 2 potions of agility {unknown}
 j - a potion of restore abilities {unknown}
 m - a potion of curing {unknown}
Books
 d - a book of Changes

   Spells                             Type                      Level
   *Beastly Appendage                 Transmutation                1
   *Sticks to Snakes                  Transmutation                2
   *Spider Form                       Transmutation/Poison         3
   Ice Form                           Ice/Transmutation            4
   Blade Hands                        Transmutation                5
Magical staves
 n - an uncursed staff of conjuration


   Skills:
 - Level 1.0 Fighting
 - Level 2.0 Dodging
 - Level 3.0 Unarmed Combat
 - Level 2.4 Spellcasting
 + Level 3.2 Transmutations
 * Level 1.2 Poison Magic


You couldn't memorise any spells.
You knew the following spells:

 Your Spells              Type           Power        Failure   Level  Hunger
a - Beastly Appendage     Trmt           ##....       8%          1    #......
b - Sticks to Snakes      Trmt           ##........   10%         2    ##.....
c - Spider Form           Trmt/Pois      #.........   28%         3    ####...


Dungeon Overview and Level Annotations

Branches:
Dungeon (2/15)

Altars:

Annotations:
D:2 Sigmund


Innate Abilities, Weirdness & Mutations

You cannot wear most types of armour.
You are amphibious.
You can wear up to eight rings at the same time.
You can use your tentacles to constrict many enemies at once.
Your skin changes colour to match your surroundings (Stealth).
Your rubbery body absorbs attacks (AC +1).


Message History

You create a snake!
Casting: Sticks to Snakes
Confirm with . or Enter, or press ? or * to list all spells.
You create a snake!
A goblin comes into view. It is wielding a club.
Casting: Sticks to Snakes
Confirm with . or Enter, or press ? or * to list all spells.
You create a snake!
Sigmund mumbles some strange words.
Sigmund flickers and vanishes!
Deactivating autopickup; reactivate with Ctrl-A.
Your ball python closely misses something.
You are feeling hungry.
Your ball python barely misses something.
Something closely misses your ball python.
Your ball python barely misses something.
Your ball python misses something.
The puff of flame misses your ball python.
The puff of flame hits you!
You die...

. . #..<...... .
.........###.... .#.#.# #
##.... ..... #....# #...# #
#..... #...# #.##.##.# ####
#...# #.......#
#.....####...#########.####
#....?....@......#####.####
#...gS..............%..#...
....S.S.........###...#.##
.(=..##.#....#####.>....#
.#.## #.#....# ##...#.# #
#.#....# #..##.# #.#....#
#..##.## #.##.#.# #.......
#......# #.....##


You could see a goblin and 3 friendly ball pythons.

Vanquished Creatures
  An adder (D:2)
  A giant mite (D:1)
  4 giant geckos (D:1)
  An ooze (D:2)
  3 bats (D:1)
  3 giant cockroaches
  3 hobgoblins (D:1)
  2 giant newts
  5 goblins
  A rat (D:1)
24 creatures vanquished.

Notes
Turn   | Place    | Note
--------------------------------------------------------------
     0 | D:1      | Ololoev, the Octopode Transmuter, began the quest for the Orb.
     0 | D:1      | Reached XP level 1. HP: 13/13 MP: 3/3
   216 | D:1      | Reached XP level 2. HP: 18/18 MP: 4/4
   629 | D:1      | Reached XP level 3. HP: 16/23 MP: 6/6
   927 | D:1      | Learned a level 2 spell: Sticks to Snakes
   931 | D:1      | Learned a level 3 spell: Spider Form
  1191 | D:2      | Reached skill level 1 in Poison Magic
  1314 | D:2      | Noticed Sigmund
  1320 | D:2      | Killed from afar by Sigmund

Action                   || total
-------------------------++-------
Melee: Unarmed           ||    54
 Cast: Beastly Appendage ||     7
       Sticks to Snakes  ||     3
 Stab: Sleeping          ||     1
       Distracted        ||     1
  Eat: Chunk             ||     1
